 Dungeon Crawl Stone Soup version 0.23-a0-316-g6773f7a52e (webtiles) character file.

1732562 Flugkiller the Eviscerator (level 25, 208/208 HPs)
             Began as a Felid Transmuter on Oct 14, 2018.
             Was the Champion of Cheibriados.
             Escaped with the Orb
             ... and 3 runes!
             The game lasted 02:35:57 (63208 turns).

Flugkiller the Eviscerator (Felid Transmuter)      Turns: 63208, Time: 02:35:57

Health: 208/208    AC: 16    Str: 37    XL:     25   Next: 98%
Magic:  38/38      EV: 43    Int: 33    God:    Cheibriados [******]
Gold:   2449       SH:  0    Dex: 38    Spells: 12/44 levels left
                                        Lives:  2   Deaths: 2

rFire    + + +     SeeInvis +     - Unarmed
rCold    . . .     Gourm    .   (shield unavailable)
rNeg     + . .     Faith    .   (armour unavailable)
rPois    +         Spirit   .   (helmet unavailable)
rElec    +         Reflect  .   (cloak unavailable)
rCorr    .         Harm     .   (gloves unavailable)
MR       ++++.                  (boots unavailable)
Stlth    +.........             K - amulet of the Air {Inacc +Fly rElec EV+5 RMsl}
HPRegen  0.44/turn              S - ring of the Salmon {rPois EV+5 Str+4}
MPRegen  0.26/turn              V - ring of the Present {Wiz rF+ rC+ rN+}

@: dragon-form, flying, studying Evocations, repel missiles, very slow
A: giant, no armour, no weapons or thrown items, stealth, see invisible,
carnivore, clumsy 1, magic resistance 1, robust 1, screaming 1, inhibited
regeneration, slow metabolism 1, strong 1, no potion heal 1, subdued magic 1
0: Orb of Zot
}: 3/15 runes: decaying, serpentine, abyssal
a: End Transformation, Bend Time, Temporal Distortion, Slouch, Step From Time,
Renounce Religion, Breathe Fire, Stop Flying


You escaped.
You worshipped Cheibriados.
Cheibriados was exalted by your worship.
You were very hungry.
You were a fearsome dragon!
You visited 9 branches of the dungeon, and saw 46 of its levels.
You visited the Abyss 1 time.
You also visited: Labyrinth and Bailey.

You collected 6353 gold pieces.
You spent 3904 gold pieces at shops.

Inventory:

Missiles
 a - 1474 arrows
Jewellery
 f - an uncursed ring of wizardry
 l - a +4 ring of evasion
 q - an uncursed ring of protection from fire
 J - an uncursed ring of protection from cold
 K - the amulet of the Air (around neck) {Inacc +Fly rElec EV+5 RMsl}
   (You bought it in a shop on level 15 of the Dungeon)

   [amulet of inaccuracy]

   It reduces the accuracy of all your attacks.
   It affects your evasion (+5).
   It insulates you from electricity.
   It lets you fly.
   It protects you from missiles.
 L - an uncursed ring of protection from magic
 N - a cursed amulet of inaccuracy {unknown}
 S - the ring of the Salmon (left foreclaw) {rPois EV+5 Str+4}
   (You bought it in a shop on level 15 of the Dungeon)

   [ring of evasion]

   It affects your evasion (+5).
   It affects your strength (+4).
   It protects you from poison.
 V - the ring of the Present (right foreclaw) {Wiz rF+ rC+ rN+}
   (You found it on level 1 of the Realm of Zot)

   [ring of wizardry]

   It improves your spell success rate.
   It protects you from fire.
   It protects you from cold.
   It protects you from negative energy.
Wands
 e - a wand of disintegration (20)
 j - a wand of digging (25)
 w - a wand of acid (19)
 x - a wand of paralysis (73)
 z - a wand of flame (222)
 B - a wand of clouds (12)
 M - a wand of iceblast (26)
 O - a wand of scattershot (5)
 T - a wand of enslavement (39)
 U - a wand of polymorph (6)
Scrolls
 c - 23 scrolls of remove curse
 h - 8 scrolls of fog
 k - 8 scrolls of teleportation
 n - 7 scrolls of immolation
 o - 8 scrolls of fear
 p - 4 scrolls of magic mapping
 u - 3 scrolls of amnesia
 y - 2 scrolls of vulnerability
 C - a scroll of holy word
 Q - 4 scrolls of blinking
 R - 20 scrolls of identify
Potions
 b - 12 potions of curing
 d - 4 potions of lignification
 g - 4 potions of flight
 m - 4 potions of mutation
 r - 4 potions of heal wounds
 s - 2 potions of magic
 t - 6 potions of brilliance
 v - 7 potions of haste
 A - 3 potions of might
 E - 5 potions of agility
 F - 3 potions of berserk rage
 G - 5 potions of resistance
Books
 D - a manual of Evocations
Miscellaneous
 H - a lamp of fire
 I - a lightning rod (4/4)
Comestibles
 i - 63 rations


   Skills:
 + Level 20.7 Fighting
 + Level 25.8 Dodging
 - Level 2.1 Stealth
 * Level 25.9 Unarmed Combat
 - Level 10.0 Spellcasting
 - Level 16.4 Transmutations
 - Level 3.6 Ice Magic
 + Level 10.8 Earth Magic
 - Level 1.0 Poison Magic
 - Level 11.0 Invocations
 - Level 14.0 Evocations


You had 12 spell levels left.
You knew the following spells:

 Your Spells              Type           Power        Failure   Level  Hunger
a - Beastly Appendage     Tmut           ######       0%          1    None
b - Sticks to Snakes      Tmut           #######.     0%          2    None
c - Spider Form           Tmut/Pois      ######....   1%          3    None
d - Ice Form              Ice/Tmut       ######..     1%          4    None
e - Statue Form           Tmut/Erth      ######...    1%          6    #####..
f - Dragon Form           Tmut           #######...   1%          7    ######.
g - Regeneration          Chrm/Necr      ##........   2%          3    None
h - Summon Lightning Spi  Summ/Air       ##......     10%         4    None
r - Blink                 Tloc           N/A          1%          2    None

Your spell library contained the following spells:

 Spells                   Type           Power        Failure   Level  Hunger
 Animate Skeleton         Necr           N/A          1%          1    None
 Corona                   Hex            ##.....      1%          1    None
 Freeze                   Ice            ####         1%          1    None
 Infusion                 Chrm           ##..         1%          1    None
 Magic Dart               Conj           ##..         1%          1    None
 Pain                     Necr           ##..         1%          1    None
 Summon Small Mammal      Summ           ##..         1%          1    None
 Call Imp                 Summ           ##......     1%          2    None
 Ensorcelled Hibernation  Hex/Ice        ###...       1%          2    None
 Poisonous Vapours        Pois/Air       ###...       1%          2    None
 Searing Ray              Conj           ##....       1%          2    None
 Shroud of Golubria       Chrm/Tloc      ##........   1%          2    None
 Slow                     Hex            ##......     1%          2    None
 Song of Slaying          Chrm           ##......     1%          2    None
 Sublimation of Blood     Necr           ##........   1%          2    None
 Swiftness                Chrm/Air       ##......     1%          2    None
 Throw Frost              Conj/Ice       ###...       1%          2    None
 Ignite Poison            Fire/Tmut/Pois #####...     1%          3    None
 Ozocubu's Armour         Chrm/Ice       ###.....     1%          3    None
 Petrify                  Tmut/Erth      ######..     1%          4    None
 Alistair's Intoxication  Tmut/Pois      ######..     1%          5    ###....
 Blade Hands              Tmut           #######...   1%          5    ###....
 Irradiate                Conj/Tmut      ######....   1%          5    ###....
 Hydra Form               Tmut           #######...   1%          6    #####..
 Call Canine Familiar     Summ           ##......     2%          3    None
 Confuse                  Hex            ##......     2%          3    None
 Conjure Flame            Conj/Fire      ##......     2%          3    None
 Dazzling Spray           Conj/Hex       ##....       2%          3    None
 Mephitic Cloud           Conj/Pois/Air  ##......     2%          3    None
 Static Discharge         Conj/Air       ##......     2%          3    None
 Summon Guardian Golem    Hex/Summ       ##......     2%          3    None
 Tukima's Dance           Hex            ##......     2%          3    None
 Vampiric Draining        Necr           ##........   2%          3    None
 Summon Ice Beast         Ice/Summ       ###.....     4%          4    None
 Throw Icicle             Conj/Ice       ###.....     4%          4    None
 Animate Dead             Necr           N/A          10%         4    None
 Force Lance              Conj/Tloc      ##......     10%         4    None
 Fulminant Prism          Conj/Hex       ##........   10%         4    None
 Iskenderun's Mystic Bla  Conj           ##......     10%         4    None
 Metabolic Englaciation   Hex/Ice        ###.......   13%         5    ###....
 Venom Bolt               Conj/Pois      ###.......   22%         5    ###....
 Iskenderun's Battlesphe  Conj/Chrm      ##......     26%         5    ###....
 Summon Mana Viper        Hex/Summ       ##......     26%         5    ###....
 Ozocubu's Refrigeration  Ice            ####......   32%         6    #####..
 Bolt of Cold             Conj/Ice       ###.......   58%         6    #####..
 Simulacrum               Ice/Necr       ###.......   58%         6    #####..
 Freezing Cloud           Conj/Ice/Air   ###.......   65%         6    #####..
 Ring of Flames           Chrm/Fire      ##........   100%        7    ######.
 Dragon's Call            Summ           ##........   100%        9    #######
 Portal Projectile        Hex/Tloc       Unusable     N/A         3    N/A
 Spectral Weapon          Hex/Chrm       Unusable     N/A         3    N/A
 Excruciating Wounds      Chrm/Necr      Unusable     N/A         5    N/A

Dungeon Overview and Level Annotations

Branches:
Dungeon (15/15)            Temple (1/1) D:6            Lair (6/6) D:9
  Swamp (4/4) Lair:4        Snake (4/4) Lair:3        Slime (0/5) Lair:5
    Orc (2/2) D:11            Elf (0/3) Orc:2        Vaults (4/5) D:14
  Crypt (0/3) Vaults:2     Depths (5/5) D:15            Zot (5/5) Depths:5

Altars:
Ashenzari
Cheibriados
Dithmenos
Elyvilon
Fedhas
Gozag
Hepliaklqana
Kikubaaqudgha
Makhleb
Nemelex Xobeh
Okawaru
Qazlal
Ru
Sif Muna
Trog
Uskayaw
Vehumet
Wu Jian
Xom
Yredelemnul
Zin
The Shining One

Shops:
D:15 =([=   Orc:1 *   Orc:2 [??!:   Vaults:3 *[?   Depths:1 =(

Portals:
Hell: Depths:1 Depths:3 Depths:4 Depths:5
Abyss: Depths:3 Depths:4
Pandemonium: Depths:3
Ziggurat: Depths:5

Annotations:
D:5 Dowan, Duvessa
D:15 3 runed doors, Loninniva's ghost, amateur MiGl
Lair:2 1 runed door, Flugkiller's ghost, journeyman TeFE
Lair:5 exclusion: 4 oklob plants
Snake:3 1 runed door, Aremyl's ghost, journeyman DDFi
Depths:4 1 runed door, P0WERM0DE's ghost, adept DDFi
Zot:3 exclusion: downstairs


Innate Abilities, Weirdness & Mutations

You cannot wear armour.
You are incapable of wielding weapons or throwing items.
Your paws allow you to move quietly. (Stealth)
((You have sharp claws.))
((You have razor-sharp teeth.))
You have supernaturally acute eyesight. (SInv)
You are carnivorous and can eat meat at any time.
((You cover ground quickly.))
((Your thick and shaggy fur keeps you warm. (AC +3, rC+)))
You have a slow metabolism.
((Your sharp claws are effective at attacking unaware monsters.))
((You are partially covered in iridescent scales. (AC +2)))
((Your skin changes colour to match your surroundings (Stealth+).))
You are clumsy. (Dex -2)
((Your flesh is cold resistant. (rC+)))
You are resistant to hostile enchantments. (MR+)
You are robust. (+10% HP)
You occasionally shout uncontrollably at your foes.
You do not regenerate when monsters are visible.
Your muscles are strong. (Str +2)
Potions are less effective at restoring your health.
Your spells are a little easier to cast, but a little less powerful.


Message History

There is an open door, spattered with blood here.
There is a stone staircase leading up here.
You climb upwards.
There is a stone staircase leading down here.
You see here 22 stones.
An ice devil comes into view.
Casting: Dragon Form (safe; 1% risk of failure)
Confirm with . or Enter, or press ? or * to list all spells.
You turn into a fearsome dragon!
You are feeling very hungry.
The ice devil completely misses you.
You maul the ice devil!!!!
You kill the ice devil!
Cheibriados appreciates the change of pace.
You see here 20 stones.
There is an open door here.
There is an open door here.
There is a staircase leading out of the dungeon here.
Enter note: gg You have escaped!

#...........#......#
#...........#......#
#........#..........
#.......##.#......##
#..####.##......>.##
####.## #.####......##
#....# #......#......
#.#############.......(
#.#..#D....#..#..##....
#.#..###'###..#...#..#.
#.#..'.....'..#........
#.####..#..####......##
#.#....###....#........
#.#.....#.....#......#.
####.#.#.⌠.#.⌠.#.#.#....##
#....#.#.......#.#....###
#....#.###...###.##....##


There were no monsters in sight!

Vanquished Creatures
  A pandemonium lord (Depths:4)
  5 orbs of fire
  8 ancient liches
  the Lernaean hydra (Swamp:4)
  2 Killer Klowns (Zot:5)
  A curse toe (Zot:5)
  Saint Roka (Snake:3)
  6 golden dragons
  3 bone dragons
  3 electric golems
  A hellephant (Abyss:3)
  14 tentacled monstrosities
  27 Orb Guardians
  Rupert (Lair:5)
  6 liches
  2 titans
  4 quicksilver dragons
  8 death cobs
  4 Executioners
  A sphinx (Depths:3)
  Frances (Swamp:2)
  13 tentacled starspawn (Abyss:3)
  Agnes (Snake:3)
  7 shadow dragons
  3 tengu reavers
  16 storm dragons
  11 nagarajas
  7 draconian monks
  3 draconian knights
  7 frost giants
  3 fire giants
  8 ghost moths
  7 draconian scorchers
  4 deep elf sorcerers
  6 vault wardens
  A cacodemon (Abyss:3)
  3 draconian stormcallers
  11 ironheart preservers
  2 draconian shifters
  7 draconian annihilators
  2 entropy weavers (Vaults:1)
  11 very ugly things
  7 stone giants
  A deep elf demonologist (Vaults:1)
  2 vampire knights (Depths:3)
  3 lorocyprocas
  5 green draconians
  10 yellow draconians
  Azrael (Orc:2)
  5 purple draconians
  13 red draconians
  9 black draconians
  A deep elf annihilator (Vaults:1)
  A minotaur (Lab)
  13 spark wasps
  A green death (D:15)
  2 crystal guardians
  14 white draconians
  3 eidola
  8 ettins
  A blizzard demon (Zot:1)
  21 slime creatures
  16 yaktaur captains
  2 jiangshi (Depths:4)
  15 naga warriors
  8 vault guards
  7 fire dragons
  7 great orbs of eyes
  A great orb of eyes (shapeshifter) (Abyss:3)
  22 hydras
  2 spriggan air magi (Depths:3)
  12 ice dragons
  4 rakshasas
  3 ghost crabs
  23 alligators
  10 anacondas
  3 shambling mangroves
  Erica (D:8)
  5 death knights
  5 tengu warriors
  32 two-headed ogres
  14 centaur warriors
  5 deep troll shamans
  6 death yaks (Lair:6)
  7 hell hogs (Abyss:3)
  17 ogre magi
  2 spriggan berserkers (Depths:5)
  2 vampire magi
  13 naga sharpshooters
  10 deep troll earth magi
  5 orc high priests (Orc:2)
  37 large abominations
  17 thrashing horrors (Abyss:3)
  Sonja (Lair:4)
  9 shock serpents
  2 skeletal warriors
  14 hell knights
  4 deep elf knights (Vaults:2)
  2 sun demons
  A fire crab (Lair:4)
  6 spatial maelstroms (Abyss:3)
  A sixfirhy (Abyss:3)
  9 wretched stars (Abyss:3)
  A shadow wraith (Vaults:1)
  3 salamander mystics
  2 death drakes
  A cherub (D:9)
  6 glowing orange brains
  2 unseen horrors
  An unseen horror (shapeshifter) (D:13)
  4 spriggan druids
  20 orc knights
  12 deep trolls
  6 naga ritualists
  2 deep elf archers
  A spectral hydra (Swamp:2)
  13 wizards
  9 swamp dragons
  A phantasmal warrior (Vaults:2)
  5 harpies (Vaults:4)
  10 ironbrand convokers
  41 ugly things
  2 orc sorcerers
  6 necromancers
  8 deep elf magi
  2 frost giant zombies (Abyss:3)
  7 mana vipers
  A manticore (D:15)
  A salamander (shapeshifter) (Vaults:2)
  12 elephants
  3 wolf spiders
  10 salamanders
  A worldbinder (Abyss:3)
  37 black mambas
  7 cyclopes
  23 moths of wrath
  A guardian serpent (shapeshifter) (Vaults:2)
  12 vault sentinels
  13 naga magi
  3 guardian serpents
  A rust devil (Abyss:2)
  A dire elephant zombie (Abyss:3)
  A molten gargoyle (Depths:2)
  Psyche (D:9)
  3 orange demons
  28 spiny frogs
  A moth of wrath (shapeshifter) (Vaults:3)
  9 smoke demons
  2 gargoyles
  41 yaktaurs
  3 apocalypse crabs (Abyss:3)
  2 kobold demonologists
  A spiny frog (shapeshifter) (Vaults:4)
  5 komodo dragons
  A swamp worm zombie (Swamp:2)
  A rime drake (Lair:6)
  7 ancient zymes (Abyss:3)
  14 freezing wraiths
  3 efreet
  3 ice devils
  A tormentor (Abyss:3)
  A tengu conjurer (Depths:1)
  3 meliai (D:14)
  3 trolls
  3 polar bears
  7 tyrant leeches
  A red devil (D:5)
  17 hornets
  26 bog bodies
  2 silent spectres (Abyss:3)
  24 raiju
  Prince Ribbit (D:7)
  33 blink frogs
  2 alligator zombies (Swamp:2)
  5 spectral swamp dragons (Swamp:2)
  4 dream sheep (Lair:6)
  4 hippogriffs
  3 redbacks (Vaults:1)
  3 shadows
  Sigmund (D:4)
  A spriggan (shapeshifter) (Abyss:3)
  11 spriggans
  2 air elementals (Abyss:3)
  4 flying skulls (Abyss:3)
  4 water elementals (Depths:4)
  A tarantella (Vaults:1)
  5 wyverns
  67 yaks
  11 ynoxinuls
  4 wraiths
  3 tyrant leech zombies
  A vampire (D:12)
  Eustachio (D:5)
  7 chaos spawn
  2 fire bats (Abyss:3)
  17 humans
  A yak (shapeshifter) (D:15)
  5 fire elementals
  A hog (shapeshifter) (Vaults:2)
  2 golden eyes (Abyss:3)
  2 basilisks (D:9)
  A hungry ghost (D:13)
  29 vampire mosquitoes
  9 neqoxecs (Abyss:3)
  3 human simulacra (Vaults:2)
  5 spatial vortices (Abyss:3)
  24 swamp worms
  9 insubstantial wisps
  60 nagas
  A swamp worm (shapeshifter) (D:13)
  4 acid dragons
  A soldier ant (shapeshifter) (Vaults:1)
  6 wargs
  9 hell hounds
  23 small abominations
  8 spiny frog zombies (Swamp:2)
  11 water moccasins
  2 floating eyes (shapeshifter)
  6 porcupines
  13 swamp drakes
  A floating eye (Depths:4)
  58 orc warriors
  4 ice beasts
  4 eyes of draining
  3 sky beasts
  A black mamba simulacrum (Abyss:3)
  A black bear (D:10)
  A black bear (shapeshifter) (Vaults:2)
  20 centaurs
  31 starcursed masses (Abyss:3)
  An eye of draining (shapeshifter) (Depths:5)
  13 boggarts
  6 wolves (Lair:1)
  32 ogres
  8 big kobolds
  10 crocodiles
  4 earth elementals
  21 bullfrogs
  A gnoll sergeant (D:9)
  2 wyvern zombies
  5 scorpions
  A spriggan zombie (Swamp:2)
  2 troll zombies (Swamp:2)
  14 killer bees
  2 electric eels
  7 howler monkeys
  19 wights
  9 crimson imps
  5 centaur zombies
  4 lava snakes (Lab)
  4 quasits
  2 bullfrog zombies
  7 hounds
  4 jellies
  27 orc priests
  4 iron imps
  4 centaur skeletons
  3 iguanas
  17 orc wizards
  15 worker ants
  A killer bee zombie (D:8)
  An ogre skeleton (Lab)
  A worker ant zombie (D:9)
  14 gnolls
  A howler monkey skeleton (D:4)
  An adder (shapeshifter) (D:15)
  14 adders
  2 shadow imps
  5 white imps
  4 ufetubi (Abyss:3)
  An adder zombie (D:10)
  5 worms
  4 dart slugs
  6 leopard geckos
  113 orcs
  7 bats
  5 giant cockroaches
  8 goblins
  3 hobgoblins
  6 jackals (D:1)
  33 kobolds
  4 quokkas
  A ball python (D:2)
  A ball python skeleton (D:4)
  3 frilled lizards
  A leopard gecko skeleton (D:8)
  8 rats
  A lurking horror (Abyss:3)
  17 starspawn tentacles (Abyss:3)
2301 creatures vanquished.

Vanquished Creatures (collateral kills)
  A gnoll (D:3)
  An adder (D:2)
  A goblin (D:3)
3 creatures vanquished.

Vanquished Creatures (others)
  An ancient lich (Depths:5)
  A tentacled starspawn (Abyss:3)
  A starcursed mass (Abyss:3)
  A merfolk impaler (Depths:4)
  A sixfirhy (Abyss:3)
  An orb spider (Abyss:3)
  A deep elf mage (Vaults:2)
  A moth of wrath (Zot:5)
  A salamander (Snake:2)
  2 raiju (Abyss:3)
  A hippogriff (D:14)
  A large abomination (Abyss:3)
  6 small abominations
  A spatial vortex (Abyss:3)
  An ogre (Depths:4)
  A bullfrog (D:13)
  An ufetubus (Zot:5)
  2 kobolds (Abyss:3)
  34 fungi
  2 lurking horrors (Abyss:3)
  65 plants
  33 starspawn tentacles (Abyss:3)
  A withered plant (Swamp:2)
160 creatures vanquished.

Grand Total: 2464 creatures vanquished

Notes
Turn   | Place    | Note
-------+----------+-------------------------------------------
     0 | D:1      | Flugkiller the Felid Transmuter began the quest for the
                  | Orb.
     0 | D:1      | Reached XP level 1. HP: 9/9 MP: 4/4
    69 | D:1      | Reached XP level 2. HP: 10/12 MP: 6/6
   746 | D:2      | Reached XP level 3. HP: 12/15 MP: 5/7
  1600 | D:2      | Reached XP level 4. HP: 10/19 MP: 6/8
  1964 | D:2      | Reached skill level 5 in Unarmed Combat
  2500 | D:2      | Learned a level 2 spell: Sticks to Snakes
  2503 | D:2      | Found a hide-covered altar of Uskayaw.
  2550 | D:2      | Learned a level 3 spell: Spider Form
  3074 | D:3      | Reached skill level 1 in Poison Magic
  3279 | D:3      | Reached XP level 5. HP: 22/22 MP: 4/9
  3284 | D:3      | Reached skill level 1 in Stealth
  4448 | D:4      | Noticed an ogre
  4696 | D:4      | Noticed Sigmund
  4783 | D:4      | Killed an ogre
  4783 | D:4      | Gained mutation: You are covered in thick fur. (AC +2)
                  | [Felid growth]
  4783 | D:4      | Reached XP level 6. HP: 26/26 MP: 7/10
  5696 | D:4      | Killed Sigmund
  5772 | D:4      | Reached XP level 7. HP: 26/31 MP: 5/11
  5837 | D:4      | Found a burning altar of Makhleb.
  5839 | D:4      | Found a shimmering altar of Xom.
  5846 | D:4      | Reached skill level 5 in Dodging
  5901 | D:5      | Entered Level 5 of the Dungeon
  6024 | D:5      | Noticed Duvessa
  6024 | D:5      | Noticed Dowan
  6606 | D:4      | Found a burning altar of Makhleb.
  6607 | D:4      | Found a shimmering altar of Xom.
  7053 | D:5      | Noticed Eustachio
  7137 | D:5      | Killed Eustachio
  7388 | D:5      | Reached XP level 8. HP: 29/36 MP: 2/12
  7580 | D:5      | Learned a level 4 spell: Ice Form
  7595 | D:6      | Found a staircase to the Ecumenical Temple.
  7842 | Temple   | Entered the Ecumenical Temple
  7915 | Temple   | Became a worshipper of Cheibriados the Contemplative
  7998 | D:6      | Reached skill level 1 in Ice Magic
  8133 | D:6      | Found a hazy altar of Hepliaklqana.
  8698 | D:7      | Reached skill level 5 in Fighting
  8753 | D:7      | Found a stormy altar of Qazlal.
  8764 | D:7      | Found a glowing silver altar of Zin.
  8981 | D:7      | Noticed Prince Ribbit
  8991 | D:7      | Killed Prince Ribbit
  8991 | D:7      | Reached skill level 1 in Invocations
  9011 | D:7      | Reached * piety under Cheibriados
  9041 | D:7      | Found an opulent altar of Gozag.
  9543 | D:7      | Reached XP level 9. HP: 40/40 MP: 12/15
 10124 | D:8      | Reached ** piety under Cheibriados
 10228 | D:8      | Reached skill level 5 in Transmutations
 10458 | D:8      | Found a shattered altar of Ashenzari.
 10873 | D:8      | Reached *** piety under Cheibriados
 11182 | D:8      | Noticed Erica
 11201 | D:8      | Killed Erica
 11201 | D:8      | Reached skill level 5 in Spellcasting
 11201 | D:8      | Reached XP level 10. HP: 38/45 MP: 18/18
 11373 | D:9      | Found a shadowy altar of Dithmenos.
 11651 | D:9      | Reached **** piety under Cheibriados
 11690 | D:9      | Found a staircase to the Lair.
 11699 | D:9      | Noticed Psyche
 11706 | D:9      | Killed Psyche
 12274 | Lair:1   | Entered Level 1 of the Lair of Beasts
 12276 | Lair:1   | Noticed a spiny frog
 12279 | Lair:1   | Killed a spiny frog
 12299 | Lair:1   | Reached skill level 10 in Dodging
 12682 | Lair:1   | Got a glittering jade amulet
 12683 | Lair:1   | Identified the amulet "Taivybb" {Spirit rC- Int+4 Stlth+}
                  | (You found it on level 1 of the Lair of Beasts)
 12880 | Lair:1   | Noticed a spiny frog
 12889 | Lair:1   | Killed a spiny frog
 12889 | Lair:1   | Reached XP level 11. HP: 50/50 MP: 8/19
 13180 | Lair:1   | Reached skill level 5 in Invocations
 13388 | Lair:1   | Reached ***** piety under Cheibriados
 14078 | Lair:2   | Noticed a six-headed hydra
 14086 | Lair:2   | Killed a six-headed hydra
 14446 | Lair:2   | Reached skill level 10 in Unarmed Combat
 14661 | Lair:2   | Found a runed door.
 14663 | Lair:2   | Noticed Flugkiller's ghost (journeyman TeFE)
 15354 | Lair:3   | Found a staircase to the Snake Pit.
 15385 | Lair:3   | Gained mutation: Your thick and shaggy fur keeps you warm.
                  | (AC +3, rC+) [Felid growth]
 15385 | Lair:3   | Reached XP level 12. HP: 50/57 MP: 15/20
 16305 | Lair:4   | Noticed an ice dragon
 16315 | Lair:4   | Killed an ice dragon
 16512 | Lair:4   | Reached skill level 10 in Fighting
 17021 | Lair:4   | Noticed Sonja
 17036 | Lair:4   | Killed Sonja
 17669 | Lair:4   | Found a staircase to the Swamp.
 18135 | Lair:5   | Reached XP level 13. HP: 62/62 MP: 15/21
 18231 | Lair:5   | Noticed Rupert
 18240 | Lair:5   | Found a labyrinth entrance.
 18250 | Lab      | Entered a labyrinth
 18260 | Lab      | this is fine
 18260 | Lab      | totally not a major misplay
 18791 | Lab      | Noticed a minotaur
 18799 | Lab      | Killed a minotaur
 18801 | Lab      | gg ez
 18916 | Lab      | Got a bound silver amulet
 18917 | Lab      | well uh that was worth it?
 19102 | Lair:5   | I mean, I failed my 1% bend time once, so the fight could
                  | have gone better lul
 19468 | Lair:5   | okay calm down satan
 19485 | Lair:5   | Killed Rupert
 19876 | Lair:5   | Found a staircase to the Slime Pits.
 19942 | Lair:6   | Entered Level 6 of the Lair of Beasts
 20096 | Lair:6   | Reached skill level 15 in Dodging
 20329 | Lair:6   | Found an iron altar of Okawaru.
 21046 | Lair:6   | how have I still not died yet
 21197 | Lair:6   | Reached XP level 14. HP: 69/69 MP: 20/22
 21244 | Lair:6   | Reached ****** piety under Cheibriados
 21836 | Lair:6   | 46 evade in normal form
 21836 | Lair:6   | lul
 22035 | D:10     | Entered Level 10 of the Dungeon
 22891 | D:11     | Found a staircase to the Orcish Mines.
 23003 | D:11     | Identified the amulet of Ohaef {Harm *Drain +Blink +Fly
                  | MR++ Dex-4} (You found it in a labyrinth)
 23039 | D:11     | lots of tele traps this game
 24501 | D:13     | Found a flagged portal.
 24538 | Bailey   | Entered a bailey
 24936 | Bailey   | only good scrolls left I suppose
 24936 | Bailey   | oh brand weapon is useless nvm
 25869 | D:14     | nice, 2 meilai (prob 3) and cyclops, good thing that
                  | they're asleep
 25894 | D:14     | good thing slouch is "good"
 26073 | D:14     | Found a gate to the Vaults.
 26074 | D:14     | Found the +0 mask of the Dragon {MR+ Slay+3 SInv}
 26081 | D:14     | Reached XP level 15. HP: 67/74 MP: 13/23
 26367 | D:14     | Reached skill level 15 in Unarmed Combat
 26715 | D:15     | Entered Level 15 of the Dungeon
 26785 | D:15     | Found Duciykoi's Antique Weapon Shop.
 27049 | D:15     | Found Ontalul's Jewellery Shop.
 27055 | D:15     | Found Ygoijim's Antique Armour Shop.
 27056 | D:15     | Found Tewast's Jewellery Shop.
 27062 | D:15     | damn I wish I was an octopode this game
 27062 | D:15     | have got some good jewellery so far
 27336 | D:15     | Found a runed gate.
 27336 | D:15     | Found a runed gate.
 27336 | D:15     | Found a runed gate.
 27343 | D:15     | Noticed Loninniva's ghost (amateur MiGl)
 27867 | D:15     | Found a staircase to the Depths.
 28059 | Orc:1    | Entered Level 1 of the Orcish Mines
 28063 | Orc:1    | Paralysed by an orc sorcerer for 5 turns
 28064 | Orc:1    | Gained mutation: Your body sometimes deteriorates upon
                  | taking damage. [a neqoxec]
 28112 | Orc:1    | Found Roorhem's General Store.
 28117 | Orc:1    | Bought a scroll of identify for 24 gold pieces
 28137 | Orc:1    | Identified a scroll of acquirement
 28428 | Orc:2    | Entered Level 2 of the Orcish Mines
 28573 | Orc:2    | Found Kestuv's Armour Boutique.
 28665 | Orc:2    | Found a bloodstained altar of Trog.
 28764 | Orc:2    | Found a staircase to the Elven Halls.
 28773 | Orc:2    | Noticed Azrael
 28782 | Orc:2    | Killed Azrael
 29142 | Orc:2    | tele trap AGAIN
 29435 | Orc:2    | HP: 1/90 [orc priest/divine providence (8)]
 29441 | Orc:2    | Killed from afar by an orc priest
 29442 | Orc:2    | Reached XP level 14. HP: -4/85 MP: 0/22
 29442 | Orc:2    | aww man, almost survived
 30108 | Orc:2    | Found Goosi's Magic Scroll Boutique.
 30108 | Orc:2    | Found Tokhlak's Magic Scroll Boutique.
 30109 | Orc:2    | Found Tosuzuaci's Distillery.
 30109 | Orc:2    | Found Bashriat's Book Boutique.
 30113 | Orc:2    | book shop, let's see if I get the jackpot
 30117 | Orc:2    | FUCK YEAH
 30117 | Orc:2    | Bought a book of Transfigurations for 715 gold pieces
 30118 | Orc:2    | Bought a scroll of blinking for 105 gold pieces
 30121 | Orc:2    | Bought a potion of heal wounds for 70 gold pieces
 30121 | Orc:2    | Bought a potion of heal wounds for 70 gold pieces
 30121 | Orc:2    | Bought a potion of heal wounds for 70 gold pieces
 30121 | Orc:2    | Bought a potion of heal wounds for 70 gold pieces
 30122 | Orc:2    | Bought a scroll of blinking for 120 gold pieces
 30126 | Orc:2    | Bought 3 scrolls of fear for 168 gold pieces
 30159 | Orc:2    | Learned a level 6 spell: Statue Form
 30614 | Swamp:1  | Entered Level 1 of the Swamp
 30728 | Swamp:1  | Reached skill level 1 in Earth Magic
 30738 | Swamp:1  | Reached XP level 15. HP: 60/75 MP: 9/23
 32086 | Swamp:2  | Found a sparkling altar of Nemelex Xobeh.
 32338 | Swamp:2  | Noticed Frances
 32350 | Swamp:2  | HP: 1/90 [seven-headed hydra[a spriggan druid] (13)]
 32350 | Swamp:2  | Mangled by a seven-headed hydra
 32351 | Swamp:2  | Reached XP level 14. HP: -9/86 MP: 0/24
 32369 | Swamp:2  | Killed Frances
 32476 | Swamp:2  | damn I fucked up big time huh
 33511 | Swamp:2  | Found the +15 Maxwell's patent armour {-Cast -Tele rElec
                  | MR+ rCorr}
 33585 | Swamp:3  | Reached skill level 5 in Earth Magic
 33858 | Swamp:3  | Noticed a white very ugly thing
 33988 | Swamp:3  | Killed a white very ugly thing
 34248 | Swamp:3  | Reached XP level 15. HP: 74/74 MP: 13/26
 34291 | Swamp:3  | Reached skill level 10 in Transmutations
 34855 | Swamp:3  | Learned a level 7 spell: Dragon Form
 34875 | Swamp:4  | Entered Level 4 of the Swamp
 35438 | Swamp:4  | Reached XP level 16. HP: 78/78 MP: 19/27
 35439 | Swamp:4  | YEAH
 35554 | Swamp:4  | Noticed the 27-headed Lernaean hydra
 35564 | Swamp:4  | It's time to die to lerny :S
 35571 | Swamp:4  | Killed the 27-headed Lernaean hydra
 35572 | Swamp:4  | Phew
 35572 | Swamp:4  | I did tank some chei piety though
 35674 | Swamp:4  | Got a decaying rune of Zot
 36003 | Lair:4   | "Search for what - snake pie"
 36003 | Lair:4   | "Can't find anything matching that"
 36100 | Snake:1  | Entered Level 1 of the Snake Pit
 36863 | Snake:1  | Reached skill level 15 in Transmutations
 37452 | Snake:2  | Found a deep blue altar of Sif Muna.
 38308 | Snake:3  | Noticed Saint Roka
 38347 | Snake:3  | Killed Saint Roka
 38347 | Snake:3  | Reached XP level 17. HP: 37/83 MP: 5/28
 38570 | Snake:3  | cool, got my 2 extra lives back
 38600 | Snake:3  | Noticed Agnes
 38609 | Snake:3  | Killed Agnes
 38972 | Snake:3  | Found a runed door.
 38972 | Snake:3  | Found a shimmering altar of Xom.
 38974 | Snake:3  | Noticed Aremyl's ghost (journeyman DDFi)
 39698 | Snake:4  | Entered Level 4 of the Snake Pit
 40061 | Snake:4  | Reached skill level 10 in Invocations
 40725 | Snake:4  | Got a serpentine rune of Zot
 41005 | Snake:4  | that's 2 runes, can't fucking believe this
 41069 | Lair:3   | no dmsl, I guess that's too much to ask for
 41071 | Lair:3   | unironically
 41278 | D:15     | Bought the ring of the Salmon {rPois EV+5 Str+4} for 1044
                  | gold pieces
 41292 | D:15     | Bought the amulet of the Air {Inacc +Fly rElec EV+5 RMsl}
                  | for 666 gold pieces
 41292 | D:15     | Found the amulet of the Air {Inacc +Fly rElec EV+5 RMsl}
 41381 | Vaults:1 | Entered Level 1 of the Vaults
 41469 | Vaults:1 | Reached XP level 18. HP: 88/88 MP: 25/29
 42032 | Vaults:1 | Reached skill level 15 in Fighting
 43344 | Vaults:2 | Reached XP level 19. HP: 93/93 MP: 30/30
 43624 | Vaults:2 | Found a staircase to the Crypt.
 44172 | Vaults:3 | Found Emygix's General Store.
 44181 | Vaults:3 | Bought a wand of digging (13) for 782 gold pieces
 44215 | Vaults:3 | Found Diodwah's Magic Scroll Boutique.
 44317 | Vaults:3 | Found Waneufow's Armour Boutique.
 46949 | D:15     | so many tele traps (although this last one was harmless)
 46951 | Depths:1 | Entered Level 1 of the Depths
 46951 | Depths:1 | Found Nadoggul's Weapon Shoppe.
 46955 | Depths:1 | Found Mityaf's Jewellery Emporium.
 47184 | Depths:1 | Found a gateway to Hell.
 47430 | Depths:2 | Reached XP level 20. HP: 99/99 MP: 28/31
 47568 | Depths:3 | thanks deep troll earth mage
 47759 | Depths:3 | it made a closed section of U:3 open
 47759 | Depths:3 | So I can now explore the entire floor
 47788 | Depths:3 | Then again, I have dig
 48213 | Depths:3 | Found a one-way gate leading to the halls of Pandemonium.
 48735 | Depths:3 | Found a one-way gate to the infinite horrors of the Abyss.
 48830 | Depths:4 | wew lad
 49024 | Depths:4 | Found a runed door.
 49025 | Depths:4 | Noticed P0WERM0DE's ghost (adept DDFi)
 49121 | Depths:3 | still got 2 extra lives but that might change soon
 49796 | Depths:4 | Found a deep blue altar of Sif Muna.
 49808 | Depths:4 | Reached XP level 21. HP: 104/104 MP: 29/32
 49828 | Depths:4 | Noticed an ancient lich
 49834 | Depths:4 | Killed an ancient lich
 50031 | Depths:4 | Identified the Almanac of Hurtful Execration
 50046 | Depths:4 | Identified Sif Muna's Compendium of the Assistive Entourage
 50154 | Depths:4 | Identified the Tome of Damaging Enhancements
 50233 | Depths:4 | Reached skill level 1 in Evocations
 50399 | Depths:5 | Entered Level 5 of the Depths
 51074 | Depths:5 | Found a gateway to a ziggurat.
 51074 | Depths:5 | Noticed an ancient lich
 51083 | Depths:5 | Killed an ancient lich
 51085 | Depths:5 | Reached skill level 5 in Evocations
 51092 | Depths:5 | interesting zig vault actually, the lich and the alich that
                  | were behind bars managed to get out due to summoning a
                  | cacodemon
 51553 | Depths:5 | Alright, now is the time I might get dispelled
 51553 | Depths:5 | Really scared
 51809 | Depths:5 | Found a gate to the Realm of Zot.
 51816 | Depths:5 | wow, what a shitty zot entrance
 52350 | Depths:3 | Voluntarily entered the Abyss.
 52399 | Abyss:2  | Found a corrupted altar of Lugonu.
 52894 | Abyss:3  | Reached XP level 22. HP: 105/110 MP: 27/33
 52922 | Abyss:3  | Gained mutation: You occasionally shout uncontrollably at
                  | your foes. [a neqoxec]
 53200 | Abyss:3  | Gained mutation: Potions are less effective at restoring
                  | your health. [a neqoxec]
 53377 | Abyss:3  | Gained mutation: Your body often deteriorates upon taking
                  | damage. [a neqoxec]
 53583 | Abyss:3  | Paralysed by accursed screaming for 1 turns
 53712 | Abyss:3  | Reached skill level 10 in Evocations
 54011 | Abyss:3  | a rune vault :o
 54012 | Abyss:3  | Gained mutation: You are dopey. (Int -2) [a neqoxec]
 54025 | Abyss:3  | NOOOO
 54025 | Abyss:3  | I got pulled away
 54052 | Abyss:3  | well that's another rune vault, although it looks really
                  | bad
 54072 | Abyss:3  | Gained mutation: Your spells are a little easier to cast,
                  | but a little less powerful. [a neqoxec]
 54154 | Abyss:3  | Lost mutation: Your body often deteriorates upon taking
                  | damage. [potion of mutation]
 54154 | Abyss:3  | Lost mutation: You occasionally shout uncontrollably at
                  | your foes. [potion of mutation]
 54154 | Abyss:3  | Lost mutation: You are dopey. (Int -2) [potion of mutation]
 54154 | Abyss:3  | Gained mutation: You are occasionally teleported next to
                  | monsters. [potion of mutation]
 54154 | Abyss:3  | Gained mutation: Your flesh is cold resistant. (rC+)
                  | [potion of mutation]
 54154 | Abyss:3  | Gained mutation: You are weak. (Str -2) [potion of
                  | mutation]
 54154 | Abyss:3  | Gained mutation: Your flesh is heat resistant. (rF+)
                  | [potion of mutation]
 54155 | Abyss:3  | Lost mutation: Your spells are a little easier to cast, but
                  | a little less powerful. [potion of mutation]
 54155 | Abyss:3  | Lost mutation: You are weak. (Str -2) [potion of mutation]
 54155 | Abyss:3  | Gained mutation: Your skin changes colour to match your
                  | surroundings (Stealth+). [potion of mutation]
 54155 | Abyss:3  | Gained mutation: You are partially covered in iridescent
                  | scales. (AC +2) [potion of mutation]
 54156 | Abyss:3  | Lost mutation: Your flesh is heat resistant. (rF+) [potion
                  | of mutation]
 54156 | Abyss:3  | Lost mutation: Your body sometimes deteriorates upon taking
                  | damage. [potion of mutation]
 54156 | Abyss:3  | Gained mutation: Your magical capacity is low. (-10% MP)
                  | [potion of mutation]
 54156 | Abyss:3  | Gained mutation: Your muscles are strong. (Str +2) [potion
                  | of mutation]
 54157 | Abyss:3  | Lost mutation: Your magical capacity is low. (-10% MP)
                  | [potion of mutation]
 54157 | Abyss:3  | Lost mutation: You are occasionally teleported next to
                  | monsters. [potion of mutation]
 54157 | Abyss:3  | Gained mutation: Your spells are a little easier to cast,
                  | but a little less powerful. [potion of mutation]
 54157 | Abyss:3  | Gained mutation: You are resistant to hostile enchantments.
                  | (MR+) [potion of mutation]
 54157 | Abyss:3  | Gained mutation: You are robust. (+10% HP) [potion of
                  | mutation]
 54253 | Abyss:3  | Learned a level 3 spell: Regeneration
 54323 | Abyss:3  | Got an abyssal rune of Zot
 54339 | Abyss:3  | okay
 54420 | Abyss:3  | Found a corrupted altar of Lugonu.
 54613 | Abyss:3  | Found a roughly hewn altar of Beogh.
 54629 | Abyss:3  | Found a roughly hewn altar of Beogh.
 54688 | Abyss:3  | Found a roughly hewn altar of Beogh.
 54778 | Depths:3 | Escaped the Abyss
 54909 | Zot:1    | Entered Level 1 of the Realm of Zot
 55068 | Zot:1    | Reached XP level 23. HP: 126/126 MP: 36/36
 55208 | Zot:1    | Got a shimmering granite ring
 55212 | Zot:1    | Identified the ring of the Present {Wiz rF+ rC+ rN+} (You
                  | found it on level 1 of the Realm of Zot)
 55630 | Zot:2    | Noticed an orb of fire
 55633 | Zot:2    | Gained mutation: You are clumsy. (Dex -2) [an orb of fire]
 55634 | Zot:2    | Killed an orb of fire
 57306 | Zot:3    | Reached XP level 24. HP: 132/132 MP: 32/37
 57892 | Zot:4    | Reached skill level 10 in Spellcasting
 58891 | Zot:5    | Entered Level 5 of the Realm of Zot
 58893 | Zot:5    | here we go
 59309 | Zot:5    | Noticed an ancient lich
 59394 | Zot:5    | Killed an ancient lich
 59395 | Zot:5    | okay seems like there are tele traps inside the lungs, good
 59691 | Zot:5    | Noticed an ancient lich
 59699 | Zot:5    | Killed an ancient lich
 59723 | Zot:5    | Noticed an ancient lich
 59735 | Zot:5    | Killed an ancient lich
 59953 | Zot:5    | Noticed an ancient lich
 59957 | Zot:5    | Killed an ancient lich
 60508 | Zot:5    | Reached XP level 25. HP: 138/138 MP: 32/38
 61862 | Zot:5    | LUL
 61909 | Zot:5    | Noticed an ancient lich
 61911 | Zot:5    | Noticed an orb of fire
 61926 | Zot:5    | Killed an orb of fire
 62111 | Zot:4    | Learned a level 4 spell: Summon Lightning Spire
 62114 | Zot:4    | Learned a level 2 spell: Blink
 62167 | Zot:5    | cool
 62187 | Zot:5    | Killed an ancient lich
 62248 | Zot:5    | Noticed an orb of fire
 62251 | Zot:5    | Gained mutation: You do not regenerate when monsters are
                  | visible. [an orb of fire]
 62255 | Zot:5    | Killed an orb of fire
 62388 | Zot:5    | Reached skill level 10 in Earth Magic
 62443 | Zot:5    | Noticed an ancient lich
 62446 | Zot:5    | Killed an ancient lich
 62447 | Zot:5    | Noticed an orb of fire
 62450 | Zot:5    | Gained mutation: You occasionally shout uncontrollably at
                  | your foes. [an orb of fire]
 62456 | Zot:5    | Killed an orb of fire
 62474 | Zot:5    | Noticed an ancient lich
 62480 | Zot:5    | Noticed an orb of fire
 62481 | Zot:5    | Killed an ancient lich
 62486 | Zot:5    | Killed an orb of fire
 62562 | Zot:5    | Got the Orb of Zot
 62578 | Zot:5    | please.
 62585 | Zot:5    | thanks.
 62728 | Depths:5 | Noticed Ziyshet the pandemonium lord
 62774 | Depths:4 | Noticed Jerphu the pandemonium lord
 62782 | Depths:4 | Killed Jerphu the pandemonium lord
 63207 | D:1      | gg
 63208 | D:$      | Escaped with the Orb!

Vault maps used:
D:1:      dpeg_arrival_court
D:2:      old_standard_altar, minmay_surrounded
D:3:      minmay_misc_feat_five
D:4:      grunt_temple_overflow_champion_of_chaos, first_ration, uniq_sigmund
D:5:      uniq_eustachio, uniq_duvessa
D:6:      marbit_many_paths, minmay_temple_entry_glass
D:7:      nicolae_gozag_cash_rules_everything_around_me,
          gammafunk_temple_overflow_pools, uniq_prince_ribbit1
D:8:      evilmike_ruin_ashenzari, uniq_erica
D:9:      nicolae_dithmenos_through_a_glass_darkly, david_lair_generic,
          uniq_psyche
D:11:     orc_0_dummy, grunt_pizzeria
D:13:     enter_bailey_7
D:14:     grunt_vaults_entry_tiered, hex_tiny, patterned_corridor
D:15:     gammafunk_enter_depths_forms, gammafunk_ghost_necromancy,
          serial_park_tiny_2, minmay_misc_feat_pillars, minmay_shop_grid_forest
Temple:   dshaligram_water_room_temple
Lair:2:   ebering_ghost_inner_flame, infiniplex_staircase_pool
Lair:3:   guppyfry_snake_entry_garden, chequers_serial_rivers_micro_c
Lair:4:   nicolae_swamp_entry_splash_gauntlet, bobbens_ice_dragon_lair,
          uniq_sonja
Lair:5:   minmay_slime_entry_oklob_open, lab_entry_generic, grunt_megastairs_1,
          uniq_rupert
Lair:6:   minmay_lair_end_frog_pond, basic_altar, lemuel_fruit_fields
Swamp:1:  evilmike_swamp_ruin_house_4
Swamp:2:  cheibrodos_swamp_mausoleum, basic_altar, uniq_frances
Swamp:3:  evilmike_swamp_ruin_rubble_1, swamp_pool1
Swamp:4:  grunt_swamp_rune_castle, swamp_pool4, ldierk_geyser,
          nicolae_swamp_hydra_murder_den
Snake:1:  special_room, corexii_hall_statues_deadend, grunt_ministairs_4
Snake:2:  basic_altar
Snake:3:  ebering_ghost_xom, uniq_saint_roka, uniq_agnes
Snake:4:  minmay_snake_end_coiled, spider_trap
Orc:1:    serial_shops, shop
Orc:2:    st_orc_pillars, basic_altar, serial_shops, shop, uniq_azrael
Vaults:1: hangedman_vaults_stretched_pinwheel, ontoclasm_vaults_misaligned,
          hangedman_vaults_hat, vaults_standard_mumra_x,
          vaults_room_grunt_arrival_checkpoint, vaults_dpeg_diagonal,
          dpeg_vaults_monster_box, grunt_vaults_bifocal,
          hangedman_vaults_slither, vaults_room_corners,
          nicolae_vaults_rhombus_5, vaults_mumra_chevron
Vaults:2: ontoclasm_vaults_idyll, minmay_crypt_entry_simple_box,
          nicolae_vaults_big_ls, st_smaller_cells, nicolae_vaults_alarming,
          vaults_room_grid, v_pattern_2, hangedman_vaults_corner,
          hangedman_vaults_stitches, v_misc_25, v_misc_4,
          vaults_room_semicircle, grunt_vaults_diagonal,
          nicolae_vaults_little_ls, vaults_room_pool
Vaults:3: v_misc_24, nicolae_vaults_inception_corners,
          nicolae_vaults_inception_scallops, nicolae_vaults_network_quincunx,
          vaults_dpeg_spiral, vaults_room_ringed_pool, st_more_cells, v_misc_1,
          vaults_mumra_lcd, hangedman_vaults_unwind, vaults_dpeg_hooks,
          serial_ice_m, ontoclasm_vaults_decontamination, serial_shops, shop,
          nicolae_shop_stone, shop
Vaults:4: nicolae_vaults_yaktaur_gun_rack, v_misc_23, nicolae_vaults_asterisk,
          v_misc_32, v_rooms_4, grunt_vaults_focal, hangedman_vaults_locks,
          nicolae_vaults_rhombus_7, nicolae_vaults_little_squares_6,
          vaults_room_fancy_cross
Depths:1: hell_entry, minmay_misc_feat_room, kennysheep_just_a_vault,
          minmay_shoptagon
Depths:2: radiant_caverns_a_rkd, hell_entry
Depths:3: minmay_diamond_stairs, chequers_serial_rivers_large_b,
          minmay_room_of_horrors, pan_entry, hell_entry
Depths:4: evilmike_library_of_no_secrets, hell_entry, marbit_kobold_abyss_entry,
          gammafunk_ghost_grave, corexii_corridor_pit, kennysheep_generic_room_7
Depths:5: grunt_zot_entry_hairpin, enter_ziggurat_c, grunt_hell_entry_dis_mu,
          kennysheep_pointless_box, chequers_serial_rivers_micro_c,
          minmay_misc_feat_more_columns, hangedman_abyss_or_decor_lesser_grid
Zot:1:    kennysheep_spiral_hall
Zot:2:    hangedman_zot_decor_checkerboard, st_stairs_11
Zot:4:    kennysheep_six_static_rooms, st_stairs_8
Abyss:2:  evilmike_abyss_exit_16, small_statue_intersection, abyss_furniture_001
Abyss:3:  hangedman_abyss_or_decor_jellyfish_corner
Lab:      labyrinth_mini_lab, labyrinth_skeletal_remains,
          nicolae_lab_very_dead_end, labyrinth_lava_lair
Bailey:   bailey_polearm_1, bailey

Skill      XL: |  1  2  3  4  5  6  7  8  9 10 11 12 13 14 15 16 17 18 19 20 21 22 23 24 25 |
---------------+----------------------------------------------------------------------------+-----
Unarmed Combat | 4 5 6 7 8 10 11 12 16 15 17 18 19 21 22 23 25 | 25.9
Poison Magic   | 1 |  1.0
Transmutations | 3 4 6 9 13 16 | 16.4
Stealth        | 2 |  2.1
Dodging        | 3 4 6 7 8 10 12 13 15 17 18 19 20 21 22 23 24 25 | 25.8
Fighting       | 2 3 4 5 7 9 10 12 14 15 16 17 18 19 20 | 20.7
Ice Magic      | 2 3 |  3.6
Spellcasting   | 3 5 7 6 8 9 10 | 10.0
Invocations    | 1 3 4 5 7 8 9 10 11 | 11.0
Earth Magic    | 5 8 9 10 | 10.8
Evocations     | 8 11 13 14 | 14.0

Action                   |  1- 3 |  4- 6 |  7- 9 | 10-12 | 13-15 | 16-18 | 19-21 | 22-24 | 25-27 || total
-------------------------+-------+-------+-------+-------+-------+-------+-------+-------+-------++-------
Melee: Unarmed           |   104 |   181 |   362 |   492 |  1672 |   928 |   850 |   943 |   157 ||  5689
       Headbutt          |    13 |     8 |       |       |       |       |       |       |       ||    21
       Bite              |     8 |    11 |     3 |     7 |    57 |   167 |   180 |   177 |    20 ||   630
       Punch             |     1 |     3 |     2 |     3 |    28 |   127 |   140 |   137 |    31 ||   472
       Tailslap          |       |       |       |       |       |     6 |     7 |       |     4 ||    17
 Cast: Beastly Appendage |    16 |    14 |       |       |       |       |       |       |       ||    30
       Sticks to Snakes  |       |    16 |       |       |       |       |       |       |       ||    16
       Spider Form       |       |    12 |    44 |       |     1 |       |     1 |       |     1 ||    59
       Ice Form          |       |       |     7 |    51 |   149 |       |       |       |       ||   207
       Statue Form       |       |       |       |       |    23 |    91 |   102 |   131 |    16 ||   363
       Dragon Form       |       |       |       |       |       |     3 |     3 |       |     7 ||    13
       Regeneration      |       |       |       |       |       |       |       |    14 |    16 ||    30
       Blink             |       |       |       |       |       |       |       |       |     2 ||     2
       Summon Lightning  |       |       |       |       |       |       |       |       |     1 ||     1
Invok: Bend Time         |       |       |     1 |    15 |    42 |    18 |     2 |     3 |       ||    81
       Step From Time    |       |       |       |     1 |     1 |     1 |     1 |     2 |       ||     6
       Slouch            |       |       |       |       |    22 |     6 |    16 |    13 |     1 ||    58
       Temporal Distorti |       |       |       |       |     1 |       |     4 |     3 |       ||     8
 Abil: End Transformatio |       |       |       |       |     1 |       |       |     2 |     5 ||     8
       Evoke Flight      |       |       |       |       |       |       |       |       |     1 ||     1
Evoke: Wand              |       |       |     5 |     1 |     9 |     1 |     1 |     1 |     1 ||    19
  Use: Scroll            |       |     5 |     7 |     8 |    21 |     5 |     2 |    10 |     4 ||    62
       Potion            |       |     2 |     1 |     1 |     8 |     1 |     1 |     8 |       ||    22
 Stab: Sleeping          |     2 |     7 |     4 |    17 |    25 |     7 |     5 |     6 |       ||    73
       Distracted        |       |     1 |       |       |     4 |       |     2 |     2 |       ||     9
       Paralysed         |       |       |     6 |     3 |       |       |       |     1 |       ||    10
  Eat: Chunk             |     7 |    10 |    17 |    20 |    70 |    41 |    62 |    42 |       ||   269
       Ration            |     1 |       |       |       |       |     3 |       |     8 |     6 ||    18
Armor: Skin              |     8 |     1 |    15 |    46 |   161 |   233 |   134 |   139 |    18 ||   755
Dodge: Dodged            |    96 |   119 |   424 |   596 |  2779 |  2343 |  1981 |  2162 |   306 || 10806
       Deflected         |       |       |       |       |       |     8 |    25 |    17 |     6 ||    56

Table legend:
 A = Non-vault XP
 B = Vault XP
 C = Vault XP percentage of total XP
 D = Non-vault monster count
 E = Vault monster count
 F = Vault count percentage of total count
                 A         B        C        D         E       F
            +---------+---------+-------+---------+---------+-------
      Total |  870446 |  501212 |  36.5 |    1664 |     602 |  26.6
            +---------+---------+-------+---------+---------+-------
        D:1 |      27 |       0 |   0.0 |      15 |       0 |   0.0
        D:2 |      82 |      13 |  13.7 |      23 |       4 |  14.8
        D:3 |     157 |       0 |   0.0 |      22 |       0 |   0.0
        D:4 |     274 |     281 |  50.6 |      17 |       2 |  10.5
        D:5 |     493 |     197 |  28.6 |      14 |       1 |   6.7
        D:6 |     587 |      42 |   6.7 |      12 |       1 |   7.7
        D:7 |     616 |     274 |  30.8 |      29 |       1 |   3.3
        D:8 |    1887 |     902 |  32.3 |      41 |       1 |   2.4
        D:9 |    1160 |    1274 |  52.3 |      31 |       5 |  13.9
       D:10 |    2033 |       0 |   0.0 |      22 |       0 |   0.0
       D:11 |    5066 |     196 |   3.7 |      22 |       1 |   4.3
       D:12 |    6585 |       0 |   0.0 |      42 |       0 |   0.0
       D:13 |    8909 |      21 |   0.2 |      52 |       4 |   7.1
       D:14 |    8723 |    8480 |  49.3 |      31 |      25 |  44.6
       D:15 |   11426 |    4174 |  26.8 |      31 |       8 |  20.5
     Lair:1 |    5589 |       0 |   0.0 |      29 |       0 |   0.0
     Lair:2 |    4120 |       0 |   0.0 |      13 |       0 |   0.0
     Lair:3 |    5881 |     160 |   2.6 |      28 |       1 |   3.4
     Lair:4 |   11558 |    2790 |  19.4 |      40 |      12 |  23.1
     Lair:5 |    2970 |    5735 |  65.9 |       9 |      14 |  60.9
     Lair:6 |    9594 |   10309 |  51.8 |      20 |      41 |  67.2
    Swamp:1 |   12038 |       0 |   0.0 |      31 |       0 |   0.0
    Swamp:2 |   14416 |   11458 |  44.3 |      35 |      36 |  50.7
    Swamp:3 |   29834 |     196 |   0.7 |      60 |       1 |   1.6
    Swamp:4 |   14421 |   23290 |  61.8 |      36 |      34 |  48.6
    Snake:1 |   23153 |    1021 |   4.2 |      40 |       2 |   4.8
    Snake:2 |   15896 |       0 |   0.0 |      31 |       0 |   0.0
    Snake:3 |   28187 |    8316 |  22.8 |      50 |      17 |  25.4
    Snake:4 |   15582 |   23957 |  60.6 |      30 |      39 |  56.5
      Orc:1 |    1384 |       0 |   0.0 |      16 |       0 |   0.0
      Orc:2 |    2708 |   14259 |  84.0 |      38 |      71 |  65.1
   Vaults:1 |   26366 |   21279 |  44.7 |      53 |      27 |  33.8
   Vaults:2 |   37091 |   33315 |  47.3 |      77 |      47 |  37.9
   Vaults:3 |    6634 |   18996 |  74.1 |      18 |      30 |  62.5
   Vaults:4 |   26661 |   14227 |  34.8 |      33 |      10 |  23.3
   Depths:1 |   11009 |    1058 |   8.8 |      18 |       1 |   5.3
   Depths:2 |       0 |    2395 | 100.0 |       0 |       7 | 100.0
   Depths:3 |   46886 |   12794 |  21.4 |      47 |      21 |  30.9
   Depths:4 |   41356 |   31755 |  43.4 |      55 |      23 |  29.5
   Depths:5 |   40759 |   29767 |  42.2 |      49 |      18 |  26.9
      Zot:1 |   28990 |    6252 |  17.7 |      15 |       4 |  21.1
      Zot:2 |   63198 |    6415 |   9.2 |      34 |       4 |  10.5
      Zot:3 |   67403 |       0 |   0.0 |      44 |       0 |   0.0
      Zot:4 |   57584 |   14392 |  20.0 |      34 |       7 |  17.1
      Zot:5 |   29571 |  177558 |  85.7 |      17 |      42 |  71.2
    Abyss:1 |      45 |       0 |   0.0 |       1 |       0 |   0.0
    Abyss:2 |    5255 |     278 |   5.0 |       7 |       1 |  12.5
    Abyss:3 |  136282 |    9642 |   6.6 |     252 |      12 |   4.5
        Lab |       0 |    1502 | 100.0 |       0 |       7 | 100.0
     Bailey |       0 |    2242 | 100.0 |       0 |      20 | 100.0
            +---------+---------+-------+---------+---------+-------
